 Dungeon Crawl Stone Soup version 0.17-a0-1374-gc51869c (webtiles) character file.

2399 tinkerttoy the Thaumaturge (level 9, -1/48 HPs)
             Began as a Deep Elf Wizard on June 13, 2015.
             Was an Initiate of Sif Muna.
             Slain by a gnoll
             ... wielding a +0 spear
              (7 damage)
             ... on level 7 of the Dungeon.
             The game lasted 00:34:33 (9146 turns).

tinkerttoy the Thaumaturge (Deep Elf Wizard)        Turns: 9146, Time: 00:34:33

Health: -1/48      AC:  5    Str:  6    XL:     9   Next: 23%
Magic:  16/26      EV: 14    Int: 27    God:    Sif Muna [......]
Gold:   240        SH:  0    Dex: 13    Spells: 5 memorised, 20 levels left

rFire  + . .     SeeInvis .     w - +0 quarterstaff
rCold  + . .     Clarity  .     a - +2 robe {rC+ rF+}
rNeg   . . .     SustAt   .     (no shield)
rPois  .         Gourm    .     b - +1 hat
rElec  .         Spirit   .     (no cloak)
rCorr  .         Warding  .     (no gloves)
rMut   .         Stasis   .     (no boots)
MR     .....                    (no amulet)
Stlth  +++.......               (no ring)
                                (no ring)

@: very slightly contaminated, repel missiles, not resistant to hostile
enchantments, fairly stealthy
A: strong 1
a: Renounce Religion


You were on level 7 of the Dungeon.
You worshipped Sif Muna.
Sif Muna was noncommittal.
You were not hungry.

You visited 2 branches of the dungeon, and saw 8 of its levels.

You collected 240 gold pieces.

Inventory:

Hand weapons
 f - a +1 dagger of venom
 w - a +0 quarterstaff (weapon)
Armour
 a - a +2 robe of resistance (worn)
 b - a +1 hat (worn)
Jewellery
 q - an uncursed amulet of warding {unknown}
Magical devices
 h - a wand of enslavement (24)
 o - a wand of lightning (8)
 x - a wand of lightning (4)
Scrolls
 j - 10 scrolls of identify
 k - 3 scrolls of magic mapping
 m - 2 scrolls of teleportation
 n - a scroll of remove curse
 s - a scroll of fear
Potions
 e - a potion of lignification {unknown}
 r - 3 potions of curing
 A - a potion of agility
Books
 c - a book of Minor Magic

   Spells                             Type                      Level
   a - Magic Dart                     Conjuration                  1
   b - Blink                          Translocation                2
   c - Call Imp                       Summoning                    2
   d - Repel Missiles                 Charms/Air                   2
   e - Slow                           Hexes                        2
   f - Conjure Flame                  Conjuration/Fire             3
   g - Mephitic Cloud                 Conjuration/Poison/Air       3
Comestibles
 d - 3 bread rations
 g - 9 fruits
 i - 2 chunks of flesh
 l - 2 beef jerkies
 z - a slice of pizza


   Skills:
 + Level 1.7 Fighting
 + Level 0.6 Short Blades
 + Level 5.2 Dodging
 + Level 4.3 Stealth
 + Level 11.3 Spellcasting
 + Level 6.2 Conjurations
 + Level 3.6 Hexes
 + Level 0.8 Charms
 + Level 3.6 Summonings
   Level 1.1 Translocations
 + Level 1.4 Fire Magic
 + Level 0.6 Air Magic


You had 20 spell levels left.
You knew the following spells:

 Your Spells              Type           Power        Failure   Level  Hunger
a - Magic Dart            Conj           ####         1%          1    None
b - Slow                  Hex            ####....     1%          2    None
c - Call Imp              Summ           ####....     1%          2    None
d - Conjure Flame         Conj/Fire      #####...     2%          3    None
e - Repel Missiles        Chrm/Air       ###...       4%          2    None


Dungeon Overview and Level Annotations

Branches:
Dungeon (7/15)             Temple (1/1) D:6

Altars:
Ashenzari
Cheibriados
Dithmenos
Elyvilon
Fedhas
Gozag
Kikubaaqudgha
Makhleb
Okawaru
Qazlal
Sif Muna
Trog
Vehumet
Xom
Yredelemnul
Zin
The Shining One

Annotations:
D:5 Grinder


Innate Abilities, Weirdness & Mutations

Your muscles are strong. (Str +2)


Message History

You are very lightly contaminated with residual magic.
Nothing appears to happen.
The gnoll barely misses you. The orc priest closely misses you.
Your crimson imp blinks!
Casting: Magic Dart
Confirm with . or Enter, or press ? or * to list all spells.
Aiming: Magic Dart
Press: ? - help, Shift-Dir - straight line, f/p - orc priest
Aim: an orc priest, wielding a whip and wearing a ring mail (lightly wounded)
The magic dart hits the orc priest.
The orc priest is lightly wounded.
The gnoll hits you from afar with a spear.
* * * LOW HITPOINT WARNING * * *
The orc priest misses you.
The orc priest invokes the aid of Beogh against you.
You resist with significant effort.
A kobold comes into view.
Your crimson imp closely misses the orc priest.
The gnoll hits you from afar with a spear!
You die...

### #.## #### ##..###..#
###........##
######...........## .
.####....gg.@####.....###..
..........o..# ##........#
o.....)K)†5..## ##.....###
........#.....### #...###
#g....5####.....###)###
#.....# ###....##.# ##....
##....#.# ##.( ##....## ##.
##...#


You could see an orc priest, 2 gnolls, a kobold and 2 friendly crimson imps.

Vanquished Creatures
  Pikel (D:5)
  An ice beast (D:5)
  An orc warrior (D:6)
  2 centaurs (D:6)
  4 ogres
  A giant frog (D:6)
  A water moccasin zombie (D:6)
  3 scorpions
  5 wights (D:6)
  3 crimson imps
  An orc priest (D:6)
  A centaur skeleton (D:3)
  A jelly (D:4)
  2 giant frog skeletons
  3 orc wizards
  3 hounds
  A worker ant (D:5)
  A hound skeleton (D:7)
  7 gnolls
  6 adders
  6 worms
  3 giant geckos
  16 orcs
  15 bats
  A bat zombie (D:6)
  3 giant cockroaches
  15 hobgoblins
  9 jackals
  14 kobolds
  2 quokkas
  3 ball pythons
  11 giant newts
  11 goblins
  A quokka skeleton (D:5)
  A quokka zombie (D:7)
  11 rats
170 creatures vanquished.

Vanquished Creatures (collateral kills)
  An orc warrior (D:4)
  A giant frog (D:6)
  A gnoll (D:3)
  2 worms
  3 orcs
  A goblin (D:6)
9 creatures vanquished.

Vanquished Creatures (others)
  4 slaves (D:5)
  3 centaurs (D:5)
  An iguana (D:5)
  An adder (D:5)
  3 bats (D:5)
  A quokka skeleton (D:5)
13 creatures vanquished.

Grand Total: 192 creatures vanquished

Notes
Turn   | Place    | Note
--------------------------------------------------------------
     0 | D:1      | tinkerttoy the Deep Elf Wizard began the quest for the Orb.
     0 | D:1      | Reached XP level 1. HP: 10/10 MP: 7/7
   356 | D:1      | Reached XP level 2. HP: 13/15 MP: 2/9
   466 | D:1      | Learned a level 2 spell: Slow
   469 | D:1      | Learned a level 2 spell: Call Imp
   611 | D:1      | Reached skill level 5 in Spellcasting
  1176 | D:2      | Reached XP level 3. HP: 17/19 MP: 8/11
  1286 | D:2      | Found a burning altar of Makhleb.
  1710 | D:2      | Found a faded altar to an unknown god.
  2122 | D:3      | Noticed a moth of wrath
  2271 | D:3      | Reached skill level 6 in Spellcasting
  2271 | D:3      | Reached XP level 4. HP: 13/24 MP: 5/14
  2899 | D:3      | You fall through a shaft for 2 floors!
  2899 | D:5      | Entered Level 5 of the Dungeon
  3151 | D:4      | Reached XP level 5. HP: 17/28 MP: 8/15
  3288 | D:4      | Noticed an ogre
  3298 | D:4      | Killed an ogre
  3414 | D:4      | Reached skill level 7 in Spellcasting
  3657 | D:3      | Learned a level 3 spell: Conjure Flame
  3660 | D:3      | Learned a level 2 spell: Repel Missiles
  4012 | D:3      | Found a bloodstained altar of Trog.
  4242 | D:4      | Reached XP level 6. HP: 22/33 MP: 2/18
  4399 | D:4      | Found an ancient bone altar of Kikubaaqudgha.
  4478 | D:4      | Noticed an orc warrior
  4493 | D:4      | Killed an orc warrior
  4529 | D:4      | Noticed an ogre
  4548 | D:4      | Killed an ogre
  4870 | D:4      | Reached skill level 8 in Spellcasting
  5317 | D:5      | Reached XP level 7. HP: 24/37 MP: 5/20
  5536 | D:5      | Gained mutation: Your muscles are strong. (Str +2) [potion of beneficial mutation]
  5552 | D:5      | Noticed Pikel
  5554 | D:5      | Noticed a slave
  5557 | D:5      | Noticed a slave
  5559 | D:5      | Noticed a slave
  5560 | D:5      | Noticed a slave
  5563 | D:5      | Killed Pikel
  5563 | D:5      | Reached skill level 9 in Spellcasting
  5563 | D:5      | Reached skill level 1 in Fire Magic
  5617 | D:5      | Noticed a centaur
  5619 | D:5      | Killed a centaur
  5642 | D:5      | Reached XP level 8. HP: 42/42 MP: 10/23
  5761 | D:5      | Killed a freed slave
  5762 | D:5      | Noticed an ice beast
  5782 | D:5      | Killed an ice beast
  5838 | D:5      | Killed a centaur
  5868 | D:5      | Killed a centaur
  6025 | D:5      | Found an opulent altar of Gozag.
  6027 | D:5      | Noticed Grinder
  6038 | D:5      | Killed a freed slave
  6154 | D:5      | Reached skill level 5 in Conjurations
  6280 | D:5      | Killed a freed slave
  6405 | D:5      | Killed a freed slave
  6639 | D:6      | Reached skill level 10 in Spellcasting
  6734 | D:6      | Reached skill level 1 in Fighting
  7491 | D:6      | Found a staircase to the Ecumenical Temple.
  7508 | D:6      | Reached skill level 5 in Dodging
  7515 | Temple   | Entered the Ecumenical Temple
  7723 | Temple   | Became a worshipper of Sif Muna the Loreminder
  8103 | D:6      | Reached XP level 9. HP: 42/47 MP: 11/25
  8572 | D:6      | Reached skill level 11 in Spellcasting
  9146 | D:7      | Slain by a gnoll

Vault maps used:
D:1:      minmay_arrival_nine_rooms
D:2:      ecumenical_altar_1, bloody_makhleb
D:3:      tgw_trog, minmay_misc_feat_hallway, st_stairs_3, grunt_ministairs_11,
          uniq_crazy_yiuf_cottage
D:4:      kiku_gazebo_pond_becter, kennysheep_opposing_triangles
D:5:      nicolae_gozag_cash_rules_everything_around_me, first_bread,
          minmay_misc_feat_pillars, grunt_decor_mini_mirrors, uniq_grinder,
          uniq_pikel
D:6:      corexii_shack_village, minmay_temple_entry_glass
D:7:      nicolae_for_you_no_charge
Temple:   chambers_temple_14

Action                   |  1- 3 |  4- 6 |  7- 9 || total
-------------------------+-------+-------+-------++-------
Melee: Dagger            |    20 |    22 |    22 ||    64
       Quarterstaff      |       |       |    17 ||    17
 Cast: Magic Dart        |    98 |   157 |   305 ||   560
       Call Imp          |     2 |    12 |    16 ||    30
       Slow              |     1 |     9 |    10 ||    20
       Conjure Flame     |       |     4 |     7 ||    11
       Repel Missiles    |       |       |     2 ||     2
  Use: Scroll            |     4 |       |     7 ||    11
       Potion            |       |       |     8 ||     8
 Stab: Sleeping          |     2 |       |     1 ||     3
  Eat: Chunk             |     4 |     9 |    12 ||    25
